 Dungeon Crawl Stone Soup version 0.18.1-5-g4a78601 (webtiles) character file.

735 epen the Poker (level 8, -3/60 HPs)
             Began as a Formicid Gladiator on May 14, 2016.
             Was an Initiate of Okawaru.
             Slain by Pikel
             ... wielding a +2 whip of freezing
              (10 damage)
             ... on level 4 of the Dungeon.
             The game lasted 00:09:13 (5447 turns).

epen the Poker (Formicid Gladiator)                 Turns: 5447, Time: 00:09:14

Health: -3/60      AC:  5    Str: 22    XL:     8   Next: 4%
Magic:  10/10      EV: 13    Int:  8    God:    Okawaru [......]
Gold:   248        SH:  0    Dex: 11    Spells: 0 memorised, 7 levels left

rFire  . . .     SeeInvis +     a - +0 trident
rCold  . . .     Gourm    .     r - +0 ring mail {MR+}
rNeg   . . .     Faith    .     (no shield)
rPois  .         Spirit   .     (helmet unavailable)
rElec  .         Dismiss  .     (no cloak)
rCorr  .         Reflect  .     (no gloves)
SustAt .         Harm     .     (no boots)
MR     +....                    (no amulet)
Stlth  +.........               (no ring)
                                (no ring)

@: somewhat resistant to hostile enchantments, very unstealthy
A: permanent stasis, dig shafts and tunnels, four strong arms, antennae 3
a: Dig, Shaft Self, Renounce Religion


You were on level 4 of the Dungeon.
You worshipped Okawaru.
Okawaru was noncommittal.
You were not hungry.

You visited 2 branches of the dungeon, and saw 6 of its levels.

You collected 248 gold pieces.

Inventory:

Hand Weapons
 a - a +0 trident (weapon)
 o - a +2 short sword of venom
 v - the +6 whip "Kotygrom" {flame, Int+3}
   (You found it on level 4 of the Dungeon)

   It has been specially enchanted to burn those struck by it, causing extra
   injury to most foes and up to half again as much damage against particularly
   susceptible opponents.
   It affects your intelligence (+3).
Missiles
 c - 3 throwing nets (quivered)
Armour
 b - a +0 leather armour
 n - a +0 chain mail
 r - a +0 ring mail of magic resistance (worn)
Scrolls
 e - 3 scrolls of recharging {unknown}
 f - 3 scrolls of remove curse {unknown}
 h - a scroll of blinking {unknown}
 i - a scroll of enchant armour {unknown}
 j - 5 scrolls of identify {unknown}
 k - 3 scrolls of amnesia {unknown}
 s - 2 scrolls of magic mapping {unknown}
 u - a scroll of enchant weapon {unknown}
 w - 2 scrolls of immolation {unknown}
 y - a scroll of random uselessness {unknown}
 z - a scroll of teleportation {unknown}
Potions
 g - 3 potions of haste {unknown}
 l - a potion of ambrosia {unknown}
 m - a potion of agility {unknown}
 p - a potion of cancellation {unknown}
 x - a potion of might {unknown}
 A - a potion of lignification {unknown}
Books
 t - a book of Callings

   Spells                             Type                      Level
   a - Summon Small Mammal            Summoning                    1
   b - Call Imp                       Summoning                    2
   c - Call Canine Familiar           Summoning                    3
   d - Summon Guardian Golem          Hexes/Summoning              3
   e - Summon Lightning Spire         Summoning/Air                4
   f - Summon Ice Beast               Ice/Summoning                4
Comestibles
 d - 2 bread rations


   Skills:
 + Level 3.8 Fighting
 * Level 5.4 Polearms
 - Level 2.0 Throwing
 + Level 3.2 Armour
 * Level 4.9 Dodging
 * Level 3.0 Invocations


You had 7 spell levels left.
You didn't know any spells.

Dungeon Overview and Level Annotations

Branches:
Dungeon (5/15)             Temple (1/1) D:4

Altars:
Cheibriados
Elyvilon
Gozag
Kikubaaqudgha
Makhleb
Nemelex Xobeh
Okawaru
Qazlal
Ru
Sif Muna
Trog
Vehumet
Xom
Yredelemnul
Zin

Annotations:
D:3 Zhenya25pyc's ghost, amateur GrFi
D:4 Pikel


Innate Abilities, Weirdness & Mutations

You are under a permanent stasis effect.
You can dig through walls and to a lower floor.
Your four strong arms can wield two-handed weapons with a shield.
You have a pair of large antennae on your head (SInv).


Message History

Pikel is lightly wounded.
Pikel closely misses you.
You miss Pikel.
Pikel is lightly wounded.
Pikel hits you with a whip of freezing. Pikel freezes you.
You hit Pikel.
Pikel is moderately wounded.
Pikel hits you with a whip of freezing!
* * * LOW HITPOINT WARNING * * *
Pikel freezes you.
* * * LOW HITPOINT WARNING * * *
Pikel hits you with a whip of freezing.
* * * LOW HITPOINT WARNING * * *
Pikel freezes you.
* * * LOW HITPOINT WARNING * * *
You climb upwards.
There is a stone staircase leading down here.
Pikel closely misses you. Pikel hits you with a whip of freezing!
You die...

###..........##.......
###............## #.....
#...............###.....
#........<.###...###....
#..........# #.⌠.# #....
#..........###...###.###
#....................#
#...........⌠..>..⌠..#
#......@.............#
#.....K....###...#####
##.........# #.⌠.#
####>....## #...#
####### #####


You could see Pikel.

Vanquished Creatures
  Eustachio (D:4)
  An ice beast (D:5)
  A slave (D:3)
  2 phantoms
  A giant frog skeleton (D:4)
  A worker ant (D:4)
  2 orc wizards
  A howler monkey zombie (D:5)
  8 adders
  2 oozes
  An adder skeleton (D:5)
  2 worms
  2 dart slugs (D:1)
  9 giant geckos
  11 orcs
  3 ball pythons
  10 bats
  6 giant cockroaches
  4 goblins
  8 hobgoblins
  4 jackals (D:1)
  7 kobolds
  3 quokkas
  A giant gecko skeleton (D:4)
  3 giant newts
  A quokka skeleton (D:4)
  13 rats
108 creatures vanquished.

Vanquished Creatures (others)
  An orc (D:3)
1 creature vanquished.

Grand Total: 109 creatures vanquished

Notes
Turn   | Place    | Note
--------------------------------------------------------------
     0 | D:1      | epen the Formicid Gladiator began the quest for the Orb.
     0 | D:1      | Reached XP level 1. HP: 16/16 MP: 1/1
     1 | D:1      | Found a runed door.
    99 | D:1      | Reached XP level 2. HP: 21/23 MP: 2/2
   399 | D:1      | Reached XP level 3. HP: 28/28 MP: 3/3
   878 | D:2      | Reached XP level 4. HP: 26/34 MP: 4/4
  1007 | D:2      | Reached skill level 1 in Armour
  1649 | D:2      | Reached XP level 5. HP: 35/41 MP: 5/5
  1853 | D:3      | Found an ancient bone altar of Kikubaaqudgha.
  2030 | D:3      | Noticed Zhenya25pyc's ghost (amateur GrFi)
  2485 | D:3      | Reached skill level 4 in Polearms
  2518 | D:3      | Noticed a phantom
  2583 | D:3      | Killed a phantom
  2583 | D:3      | Reached XP level 6. HP: 10/47 MP: 6/6
  2970 | D:4      | Found a staircase to the Ecumenical Temple.
  2984 | Temple   | Entered the Ecumenical Temple
  3028 | Temple   | Became a worshipper of Warmaster Okawaru
  3291 | D:4      | Got a crude whip
  3293 | D:4      | Identified the +6 whip "Kotygrom" {flame, Int+3} (You found it on level 4 of the Dungeon)
  3481 | D:4      | Found a deep blue altar of Sif Muna.
  3481 | D:4      | Found a sparkling altar of Nemelex Xobeh.
  3515 | D:4      | Noticed Eustachio
  3541 | D:5      | Entered Level 5 of the Dungeon
  3600 | D:5      | Noticed a phantom
  3640 | D:5      | Killed a phantom
  3640 | D:5      | Reached skill level 1 in Invocations
  3640 | D:5      | Reached XP level 7. HP: 8/52 MP: 7/7
  3951 | D:5      | Noticed Pikel
  4065 | D:3      | Reached skill level 5 in Polearms
  4701 | D:4      | Killed Eustachio
  4971 | D:5      | Reached XP level 8. HP: 46/60 MP: 10/10
  5447 | D:4      | Slain by Pikel

Skill      XL: |  1  2  3  4  5  6  7 |
---------------+----------------------+-----
Dodging        | 3 4 |  4.9
Armour         | 1 2 3 |  3.2
Fighting       | 3 |  3.8
Polearms       | 4 5 |  5.4
Invocations    | 1 3 |  3.0
Throwing       | |  2.0

Action                   |  1- 3 |  4- 6 |  7- 9 || total
-------------------------+-------+-------+-------++-------
Melee: Trident           |    98 |   215 |   168 ||   481
       Short sword       |       |    54 |       ||    54
Throw: Throwing net      |       |     1 |       ||     1
 Stab: Sleeping          |     2 |       |       ||     2
  Eat: Chunk             |       |     9 |     2 ||    11
       Pizza             |       |       |     1 ||     1
       Meat ration       |       |       |     1 ||     1
Armor: Leather armour    |    30 |     6 |       ||    36
       Chain mail        |       |    35 |       ||    35
       Ring mail         |       |    37 |    47 ||    84
Dodge: Dodged            |    43 |   143 |   121 ||   307
